 Dungeon Crawl Stone Soup version 0.21-a0-264-g3e31e41 (console) character file.

7686 removed the Fighter (level 10, -1/136 HPs)
             Began as a Demigod Venom Mage on Sept 9, 2017.
             Slain by a black mamba (2 damage)
             ... on level 1 of the Lair of Beasts.
             The game lasted 00:35:35 (14858 turns).

removed the Fighter (Demigod Venom Mage)           Turns: 14858, Time: 00:35:36

Health: -1/136     AC: 25    Str: 11    XL:     10   Next: 68%
Magic:  19/19      EV:  2    Int: 25    God:
Gold:   603        SH:  0    Dex: 16    Spells: 12/17 levels left

rFire    . . .     SeeInvis .   a - +0 trident (freeze)
rCold    . . .     Gourm    .   (no shield)
rNeg     + + +     Faith    .   (armour currently unavailable)
rPois    +         Spirit   .   (helmet currently unavailable)
rElec    .         Reflect  .   (cloak currently unavailable)
rCorr    .         Harm     .   (gloves currently unavailable)
MR       ++...     NoTele   +   (boots currently unavailable)
Stlth    ++........             (no amulet)
HPRegen  0.32/turn              d - +3 ring of evasion
MPRegen  0.16/turn              u - ring of protection from magic

@: lethally poisoned (-1 -> -4), tree-form
A: high mp 1
a: no special abilities


You were on level 1 of the Lair of Beasts.
You were not hungry.
You were a tree.
You visited 2 branches of the dungeon, and saw 13 of its levels.
You also visited: Ossuary.

You collected 603 gold pieces.

Inventory:

Hand Weapons
 a - a +0 trident of freezing (weapon)
 j - a +0 trident of venom
 n - a +0 blowgun
Missiles
 k - 4 throwing nets (quivered)
 G - 7 javelins
 W - 3 curare-tipped needles
Armour
 m - a +1 robe
 r - a +1 robe of cold resistance
 z - a +0 pair of boots (melded)
 I - a +2 large shield
 L - a +3 leather armour of positive energy (melded)
 M - a +0 cloak (melded)
Magical Staves
 X - an uncursed staff of earth
Jewellery
 d - a +3 ring of evasion (left branch)
 l - a +3 ring of dexterity
 u - a ring of protection from magic (right branch)
 B - an uncursed ring of wizardry
 H - an uncursed ring of flight
Wands
 h - a wand of clouds (0/9)
 w - a wand of acid (0/15)
 F - a wand of random effects (0/48)
 Q - a wand of disintegration (1/24)
 S - a wand of digging (9/24)
 V - a wand of polymorph (0/24)
Scrolls
 i - a scroll of fear {unknown}
 v - a scroll of silence {unknown}
 y - a scroll of identify
 A - 2 scrolls of amnesia
 D - 7 scrolls of teleportation
 J - 3 scrolls of enchant weapon
 K - 2 scrolls of fog
 N - 3 scrolls of magic mapping
 O - a scroll of summoning {unknown}
 P - a scroll of recharging
 R - 3 scrolls of enchant armour
 U - 4 scrolls of remove curse
 Y - 3 scrolls of blinking
Potions
 e - 4 potions of might
 o - a potion of lignification
 p - 4 potions of curing
 s - 5 potions of mutation
 t - a potion of invisibility
 C - 3 potions of heal wounds
 E - a potion of flight
 T - a potion of magic
 Z - 2 potions of ambrosia
Books
 b - a Young Poisoner's Handbook

   Spells                             Type                      Level
   a - Sting                          Conjuration/Poison           1
   b - Poisonous Vapours              Poison/Air                   2
   c - Mephitic Cloud                 Conjuration/Poison/Air       3
   d - Olgreb's Toxic Radiance        Poison                       4
   e - Venom Bolt                     Conjuration/Poison           5
Comestibles
 c - 9 bread rations
 g - 2 royal jellies
 q - 16 fruits
 x - a meat ration


   Skills:
 + Level 9.3 Fighting
 - Level 9.0 Dodging
 - Level 1.7 Stealth
 - Level 4.1 Spellcasting
 - Level 7.2 Conjurations
 - Level 4.0 Poison Magic


You had 12 spell levels left.
You knew the following spells:

 Your Spells              Type           Power        Failure   Level  Hunger
a - Sting                 Conj/Pois      ####         1%          1    None
m - Mephitic Cloud        Conj/Pois/Air  ###.....     6%          3    ##.....
A - Apportation           Tloc           #.....       9%          1    None


Dungeon Overview and Level Annotations

Branches:
Dungeon (12/15)            Temple (0/1) D:6            Lair (1/6) D:11
    Orc (0/2) D:10

Shops:
D:6 }   D:8 (   D:9 ?

Annotations:
D:11 Josephine


Innate Abilities, Weirdness & Mutations

You have an increased reservoir of magic. (+10% MP)


Message History

The black mamba barely misses you.
You hit the black mamba but do no damage.
The black mamba is severely wounded.
You feel sick.
The black mamba bites you but does no damage. x2
Unknown command.
You hit the black mamba. You freeze the black mamba.
The black mamba is almost dead.
You feel sick.
The black mamba bites you but does no damage.
The black mamba bites you.
* * * LOW HITPOINT WARNING * * *
Unknown command.
You completely miss the black mamba.
The black mamba is almost dead.
You feel sick. The black mamba bites you.
* * * LOW HITPOINT WARNING * * *
The black mamba bites you but does no damage.
The black mamba bites you.
You die...

#####
##...###
#..♣S..#
##.....####
#........##
#....#....#
###.......#
##.#..<##
..###....P#
...
##.....#
.....
#.....#


You could see a black mamba.

Vanquished Creatures
  A centaur warrior (D:12)
  Pikel (D:5)
  Joseph (D:8)
  Maurice (D:8)
  A gargoyle (D:10)
  A tengu conjurer (D:10)
  Prince Ribbit (D:8)
  A hornet (D:11)
  A hippogriff (D:10)
  A shadow (D:11)
  2 wyverns (D:7)
  Grum (D:11)
  A water moccasin (D:5)
  3 porcupines (D:11)
  4 orc warriors
  A phantom (D:10)
  3 ice beasts
  2 slaves (D:5)
  2 ogres
  A sky beast (D:8)
  A necrophage (D:9)
  2 black bears
  6 centaurs
  4 wolves (D:11)
  A crocodile (D:9)
  A big kobold (D:7)
  5 bullfrogs
  A scorpion (D:9)
  A wight (D:9)
  7 howler monkeys
  A crimson imp (D:5)
  A bullfrog zombie (D:9)
  2 jellies
  5 orc priests
  7 orc wizards
  2 hounds
  2 centaur skeletons
  3 iguanas
  3 worker ants
  2 big kobold zombies (Ossuary)
  A hound zombie (D:9)
  2 mummies (Ossuary)
  A worker ant zombie (D:8)
  A gnoll (D:1)
  13 adders
  2 shadow imps
  2 oozes (D:5)
  2 dart slugs
  4 leopard geckos
  24 orcs
  3 ball pythons
  7 giant cockroaches
  8 goblins
  6 hobgoblins
  6 jackals
  5 quokkas
  8 bats
  3 frilled lizards
  2 goblin zombies (Ossuary)
  2 hobgoblin zombies (Ossuary)
  16 kobolds
  A kobold zombie (Ossuary)
  An orc zombie (Ossuary)
  8 rats
215 creatures vanquished.

Vanquished Creatures (others)
  A human (D:3)
  A fungus (D:11)
  A plant (D:11)
3 creatures vanquished.

Grand Total: 218 creatures vanquished

Notes
Turn   | Place    | Note
-------+----------+-------------------------------------------
     0 | D:1      | removed the Demigod Venom Mage began the quest for the Orb.
     0 | D:1      | Reached XP level 1. HP: 14/14 MP: 5/5
    80 | D:1      | Reached skill level 1 in Conjurations
   670 | D:1      | Reached XP level 2. HP: 20/20 MP: 2/7
  1320 | D:1      | Reached XP level 3. HP: 26/26 MP: 4/8
  2070 | D:2      | Reached XP level 4. HP: 26/33 MP: 1/9
  2176 | D:2      | Found a snail-covered altar of Cheibriados.
  2305 | D:3      | Found an ancient bone altar of Kikubaaqudgha.
  2415 | D:3      | Learned a level 3 spell: Mephitic Cloud
  2961 | D:3      | Noticed a human
  2962 | D:3      | Killed a human
  3549 | D:4      | Found a basalt altar of Yredelemnul.
  3687 | D:4      | Reached XP level 5. HP: 36/38 MP: 5/10
  3771 | D:4      | Found a faded altar of an unknown god.
  3771 | D:4      | Found an ancient bone altar of Kikubaaqudgha.
  3776 | D:4      | Found a deep blue altar of Sif Muna.
  3778 | D:4      | Found an iron altar of Okawaru.
  3779 | D:4      | Found a white marble altar of Elyvilon.
  3985 | D:5      | Entered Level 5 of the Dungeon
  3985 | D:5      | Noticed a slave
  4225 | D:5      | Reached skill level 1 in Fighting
  4229 | D:5      | Found a sand-covered staircase.
  4247 | Ossuary  | Entered an ossuary
  5058 | D:5      | Reached XP level 6. HP: 46/48 MP: 11/11
  5299 | D:5      | Noticed Pikel
  5381 | D:5      | Killed Pikel
  5381 | D:5      | Reached XP level 7. HP: 45/55 MP: 2/12
  6018 | D:6      | Found a staircase to the Ecumenical Temple.
  6099 | D:6      | Found Lugod's Gadget Shoppe.
  6384 | D:6      | Reached XP level 8. HP: 61/61 MP: 9/16
  6801 | D:6      | Found a blossoming altar of Fedhas.
  7380 | D:7      | Found a shimmering altar of Xom.
  8175 | D:8      | Noticed Joseph
  8188 | D:7      | Reached skill level 5 in Dodging
  8359 | D:8      | Noticed Prince Ribbit
  8379 | D:8      | Killed Prince Ribbit
  9065 | D:7      | Reached XP level 9. HP: 41/72 MP: 18/18
  9340 | D:8      | Reached skill level 5 in Fighting
  9607 | D:8      | Killed Joseph
  9709 | D:8      | Noticed Maurice
  9800 | D:8      | Killed Maurice
  9986 | D:8      | Found Bihetzi's Weapon Shop.
 10322 | D:9      | Found Hairuzur's Magic Scroll Boutique.
 11468 | D:10     | Entered Level 10 of the Dungeon
 11645 | D:10     | Reached XP level 10. HP: 86/86 MP: 13/19
 12249 | D:10     | Found a staircase to the Orcish Mines.
 13371 | D:11     | Noticed Josephine
 13719 | D:11     | Paralysed by a hornet for 3 turns
 13928 | D:11     | Found a staircase to the Lair.
 14007 | D:11     | Learned a level 1 spell: Apportation
 14071 | D:11     | Noticed Grum
 14100 | D:11     | Killed Grum
 14461 | D:12     | Noticed a centaur warrior
 14468 | D:12     | Noticed a four-headed hydra
 14474 | D:12     | Killed a centaur warrior
 14824 | Lair:1   | Entered Level 1 of the Lair of Beasts
 14834 | Lair:1   | Noticed a black mamba
 14857 | Lair:1   | HP: 6/136 [black mamba (3)]
 14858 | Lair:1   | HP: 1/136 [black mamba (5)]
 14858 | Lair:1   | Slain by a black mamba

Vault maps used:
D:1:      dpeg_arrival_three_same_balls
D:2:      kennysheep_slug_shrine
D:3:      minmay_misc_feat_doors, tgw_kikubaaqudgha
D:4:      kennysheep_mini, chequers_temple_overflow_minitemple
D:5:      nicolae_ossuary_entry_ruins, first_bread, uniq_pikel
D:6:      minmay_temple_entry_butterflies, serial_shops, shop,
          fedhas_altar_fruit_tree
D:7:      lemuel_crystal_altar, kennysheep_generic_room_8
D:8:      serial_shops, nicolae_shop_waterfront, uniq_joseph, uniq_maurice,
          uniq_prince_ribbit1
D:9:      serial_shops, shop, minmay_misc_feat_chi
D:10:     orc_0_dummy, grunt_tengu_nest
D:11:     grunt_lair_entry_orc_guard_hut, uniq_grum, uniq_josephine
D:12:     kennysheep_four_of_diamonds, serial_shops, shop_statue
Lair:1:   st_stairs_4, grunt_megastairs_1, uniq_harold
Ossuary:  ossuary_crypta

Skill      XL: |  1  2  3  4  5  6  7  8  9 10 |
---------------+-------------------------------+-----
Conjurations   | 2 3 4 6 7 |  7.2
Poison Magic   | 3 4 |  4.0
Fighting       | 2 4 7 9 |  9.3
Spellcasting   | 3 4 |  4.1
Dodging        | 5 7 9 |  9.0
Stealth        | |  1.7

Action                   |  1- 3 |  4- 6 |  7- 9 | 10-12 || total
-------------------------+-------+-------+-------+-------++-------
Melee: Whip              |     1 |       |       |       ||     1
       Spear             |     1 |     7 |       |       ||     8
       Trident           |       |   115 |   202 |   120 ||   437
 Cast: Sting             |   102 |   113 |   248 |   112 ||   575
       Mephitic Cloud    |       |     1 |    20 |    14 ||    35
Evoke: Wand              |       |     3 |    13 |    16 ||    32
  Use: Scroll            |       |    15 |     9 |     3 ||    27
       Potion            |       |       |     3 |     2 ||     5
 Stab: Distracted        |       |     1 |       |       ||     1
       Sleeping          |       |     1 |       |       ||     1
       Confused          |       |     1 |     1 |     1 ||     3
  Eat: Chunk             |     5 |     8 |    19 |     9 ||    41
       Fruit             |       |     1 |       |       ||     1
       Bread ration      |       |     1 |       |     1 ||     2
Armor: Robe              |     7 |    18 |    27 |       ||    52
       Skin              |       |       |     8 |     8 ||    16
       Leather armour    |       |       |    15 |    13 ||    28
Dodge: Dodged            |    25 |    90 |   278 |   167 ||   560

Table legend:
 A = Spawn XP
 B = Non-spawn XP
 C = Spawn XP percentage of total XP
 D = Spawn monster count
 E = Non-spawn monster count
 F = Spawn count percentage of total count
 G = Total turns spent on level
                    A         B        C        D         E        F      G
               +---------+---------+-------+---------+---------+-------+---------
         Total |       0 |   10981 |   0.0 |       0 |     213 |   0.0 | 14858
               +---------+---------+-------+---------+---------+-------+---------
           D:1 |       0 |      54 |   0.0 |       0 |      25 |   0.0 |  1466
           D:2 |       0 |      73 |   0.0 |       0 |      22 |   0.0 |   832
           D:3 |       0 |      39 |   0.0 |       0 |      17 |   0.0 |   701
           D:4 |       0 |      96 |   0.0 |       0 |      10 |   0.0 |  1027
           D:5 |       0 |     998 |   0.0 |       0 |      12 |   0.0 |  1538
           D:6 |       0 |     354 |   0.0 |       0 |      12 |   0.0 |   593
           D:7 |       0 |    1354 |   0.0 |       0 |      20 |   0.0 |  2097
           D:8 |       0 |    1943 |   0.0 |       0 |      23 |   0.0 |  1550
           D:9 |       0 |    1275 |   0.0 |       0 |      24 |   0.0 |   973
          D:10 |       0 |    1799 |   0.0 |       0 |      15 |   0.0 |  1425
          D:11 |       0 |    1979 |   0.0 |       0 |      22 |   0.0 |  1764
          D:12 |       0 |     923 |   0.0 |       0 |       1 |   0.0 |   167
       Ossuary |       0 |      94 |   0.0 |       0 |      10 |   0.0 |   691
               +---------+---------+-------+---------+---------+-------+---------
